 Dungeon Crawl Stone Soup version 0.27-a0-1312-g5cdb2b3542 (webtiles) character file.

Game seed: 16516524714602588308

34 sanka the Magician (level 3, -2/25 HPs)
             Began as a Djinni Summoner on June 19, 2021.
             Slain by a hobgoblin (5 damage)
             ... on level 2 of the Dungeon.
             The game lasted 00:02:57 (2117 turns).

sanka the Magician (Djinni Summoner)                Turns: 2117, Time: 00:02:58

Health: -2/25      AC:  2    Str:  7    XL:     3   Next: 50%
Gold:   37         EV: 12    Int: 17    God:
                   SH:  0    Dex: 13

rFire    + + .     SeeInvis .   d - +0 falchion
rCold    x . .     Faith    .   (no shield)
rNeg     . . .     Spirit   .   a - +0 robe
rPois    ∞         Reflect  .   (no helmet)
rElec    .         Harm     .   (no cloak)
rCorr    .         Rampage  .   (no gloves)
Will     .....                  (boots unavailable)
Stlth    ++........             (no amulet)
HPRegen  0.08/turn              (no ring)
MPRegen  0.00/turn              (no ring)

@: flying
A: sickness immunity, fire resistance 2, cold vulnerability 1, float, innate
caster, hp casting, extra vitality 1
a: no special abilities


You were on level 2 of the Dungeon.
You visited 1 branch of the dungeon, and saw 2 of its levels.

You collected 37 gold pieces.


Innate Abilities, Weirdness & Mutations

You are immune to sickness and miasma.
You are immune to poison.
Your flesh is very heat resistant. (rF++)
You are vulnerable to cold. (rC-)
You float through the air rather than walking.
You learn spells naturally, not from books.
Your magical power is your life essence.
You have superior vitality. (+4 HP)


   Skills:
 - Level 2.1 Dodging
 - Level 1.5 Stealth
 + Level 4.0 Spellcasting


You couldn't memorise any spells.
You knew the following spells:

 Your Spells              Type           Power      Damage    Failure   Level
c - Call Canine Familiar  Summ           17%        N/A       9%          3
v - Summon Ice Beast      Ice/Summ       17%        N/A       28%         4
x - Call Imp              Summ           17%        N/A       4%          2
y - Sandblast             Erth           34%        2d9       3%          1
z - Summon Small Mammal   Summ           68%        N/A       3%          1
X - Summon Lightning Spi  Summ/Air       17%        N/A       28%         4
Z - Summon Guardian Gole  Hex/Summ       17%        N/A       9%          3
Your spell library was empty.

Inventory:

Hand Weapons
 d - a +0 falchion (weapon)
 e - a +0 hand axe
Armour
 a - a +0 robe (worn)
Scrolls
 b - a scroll of noise {unknown}
 c - a scroll of blinking {unknown}
 g - a scroll of enchant weapon {unknown}
 i - a scroll of teleportation {unknown}
 k - a scroll of immolation {unknown}
Potions
 f - a potion of brilliance {unknown}
 h - 2 potions of mutation {unknown}
 j - 2 potions of curing {unknown}
 l - a potion of heal wounds {unknown}

Dungeon Overview and Level Annotations

Branches:
Dungeon (2/15)

Altars:

..............▒▒...♣P.[...▒
P.P▒..........▒...PP.......
.PP..▒▒▒.............▒▒▒▒▒.
♣... ▒.............▒ ♣PP▒
▒.............▒ ♣♣.
▒.......▒▒▒▒▒▒▒ .▒
▒.......▒▒▒ ▒.........▒▒
▒.......▒R.▒ ▒.......♣♣g♣
▒......♣♣..♣ ▒...... ♣.♣♣
▒....♣♣ ... ▒▒▒.♣ ♣...P ▒.
.♣..P♣ PP♣♣♣.♣ .P♣ ..


You could see a hobgoblin.


Message History

You kill the frilled lizard!
No target in view!
No target in view!
l - a smoky cyan potion A hobgoblin comes into view.
It is wielding a +0 falchion.
The hobgoblin shouts!
A hobgoblin is nearby!
A hobgoblin is nearby!
A nearby plant withers and dies.
You barely miss the hobgoblin.
The hobgoblin hits you with a +0 falchion!
You hit the hobgoblin.
The hobgoblin is severely wounded.
The hobgoblin misses you.
The hobgoblin hits you with a +0 falchion!
* * * LOW HITPOINT WARNING * * *
You closely miss the hobgoblin.
The hobgoblin is heavily wounded.
The hobgoblin misses you.
You hit the hobgoblin but do no damage.
The hobgoblin is heavily wounded.
The hobgoblin hits you with a +0 falchion.
* * * LOW HITPOINT WARNING * * *
You hit the hobgoblin.
The hobgoblin is almost dead.
The hobgoblin closely misses you.
The hobgoblin hits you with a +0 falchion.
* * * LOW HITPOINT WARNING * * *
The hobgoblin hits you with a +0 falchion.
You die...

Action                   || total
-------------------------++-------
Melee: Unarmed           ||    15
       Falchion          ||    37
 Cast: Summon Small Mamm ||    44
       Call Imp          ||     2
 Stab: Distracted        ||     1
       Sleeping          ||     3
Armor: Robe              ||    20
Dodge: Dodged            ||    36
       Rpst.: Falchion   ||     6

Levels and vault maps discovered:
D:1:      minmay_arrival_diagonal_passages, layout_basic,
          hellmonk_ecumenical_altar_inner_sanctum
D:2:      layout_basic, serial_shops, nicolae_square_shop, serial_forest,
          infiniplex_forest_join, infiniplex_forest_clump_small,
          infiniplex_forest_lined_corner, infiniplex_forest_zigzag_1,
          infiniplex_forest_clump_curved, infiniplex_forest_end_1,
          infiniplex_forest_lined_room_2, infiniplex_forest_clump_diagonal,
          infiniplex_forest_clump_small

Notes
Turn   | Place    | Note
-------+----------+-------------------------------------------
     0 | D:1      | sanka the Djinni Summoner began the quest for the Orb.
     0 | D:1      | Reached XP level 1. HP: 15/15 MP: 0/0
   614 | D:1      | Reached XP level 2. HP: 17/21 MP: 0/0
  1162 | D:1      | Found a faded altar of an unknown god.
  1242 | D:1      | Reached XP level 3. HP: 18/25 MP: 0/0
  1242 | D:1      | Learned a level 1 spell: Sandblast
  1606 | D:1      | Reached skill level 4 in Spellcasting
  2117 | D:2      | Slain by a hobgoblin

Vanquished Creatures
  A dart slug (D:1)
  4 bats
  2 endoplasms (D:2)
  2 giant cockroaches
  2 goblins (D:1)
  2 jackals (D:1)
  3 frilled lizards
  2 rats (D:1)
18 creatures vanquished.

Vanquished Creatures (collateral kills)
  A dart slug (D:1)
  2 bats (D:1)
  2 endoplasms (D:1)
  A giant cockroach (D:1)
  A goblin (D:1)
  3 hobgoblins (D:1)
  6 jackals (D:1)
  A frilled lizard (D:1)
  A rat (D:1)
18 creatures vanquished.

Vanquished Creatures (others)
  2 plants (D:2)
2 creatures vanquished.

Grand Total: 38 creatures vanquished
